 Dungeon Crawl Stone Soup version 0.30.1-9-gdf580d7c3d (webtiles) character file.

Game seed: 1071368239201352855

7566 monsoonserge the Cutter (level 10, -12/79 HPs)
             Began as a Demonspawn Monk on Sept 25, 2023.
             Mangled by a komodo dragon (25 damage)
             ... on level 1 of the Lair of Beasts.
             The game lasted 00:30:10 (8658 turns).

monsoonserge the Cutter (Demonspawn Monk)           Turns: 8658, Time: 00:30:11

Health: -12/79     AC: 15    Str: 12    XL:     10   Next: 97%
Magic:  10/10      EV: 13    Int: 12    God:
Gold:   356        SH: 14    Dex: 25    Spells: 9/9 levels left

rFire   . . .        a - +4 dagger of Jeol {spect, rElec}
rCold   . . .        O - +2 kite shield {rPois}
rNeg    . . .        H - +3 ring mail
rPois   +            (no helmet)
rElec   +            (no cloak)
rCorr   .            (no gloves)
SInv    .            (no boots)
Will    .....        (no amulet)
Stlth   ++           f - +4 ring of protection
HPRegen 0.33/turn    C - +6 ring of dexterity
MPRegen 0.12/turn

%: no passive effects
@: no status effects
A: slimy green scales 1, foul stench 1, weakness stinger 2
a: no special abilities


You were on level 1 of the Lair of Beasts.
You visited 3 branches of the dungeon, and saw 11 of its levels.

You collected 596 gold pieces.
You spent 240 gold pieces at shops.

Inventory:

Hand Weapons
 a - the +4 dagger of Jeol (weapon) {spect, rElec}
   (You found it on level 4 of the Dungeon)

   rElec:     It insulates you from electricity.
 b - a +2 sling of flaming
Missiles
 h - 2 throwing nets
 q - 3 atropa-tipped darts
 y - 5 boomerangs
 B - 9 javelins
 G - 6 poisoned darts (quivered)
 V - 2 silver boomerangs
Armour
 n - a +0 leather armour
 H - a +3 ring mail (worn)
 O - a +2 kite shield of poison resistance (worn)
 T - a +1 leather armour of cold resistance
 U - +0 steam dragon scales
Magical Staves
 L - a staff of fire
Jewellery
 f - a +4 ring of protection (left hand)
 m - a ring of magical power
 o - a ring of willpower
 z - a +4 ring of protection
 C - a +6 ring of dexterity (right hand)
 M - a ring of willpower
 N - a ring of ice
 R - a +6 ring of strength
 S - a ring of protection from fire
 X - a ring of see invisible
Wands
 x - a wand of flame (26)
 K - a wand of digging (5)
 Q - a wand of paralysis (8)
Scrolls
 c - 2 scrolls of acquirement {unknown}
 g - 3 scrolls of fear {unknown}
 k - 6 scrolls of identify {unknown}
 l - a scroll of noise {unknown}
 p - a scroll of immolation {unknown}
 r - 3 scrolls of enchant armour {unknown}
 s - 2 scrolls of poison {unknown}
 w - 2 scrolls of teleportation {unknown}
 A - 3 scrolls of blinking
 E - a scroll of brand weapon {unknown}
 J - 2 scrolls of magic mapping {unknown}
 P - a scroll of torment {unknown}
Potions
 d - 4 potions of lignification {unknown}
 e - 3 potions of haste {unknown}
 i - a potion of cancellation {unknown}
 j - 2 potions of flight {unknown}
 t - 7 potions of curing
 u - a potion of invisibility
 v - 3 potions of heal wounds {unknown}
 D - a potion of mutation {unknown}
 F - a potion of resistance
 I - 2 potions of brilliance {unknown}
 W - a potion of magic {unknown}


   Skills:
 + Level 7.0 Fighting
 + Level 7.1(7.4) Short Blades
 - Level 3.0(5.4) Long Blades
 + Level 4.3 Ranged Weapons
 + Level 0.9 Throwing
 + Level 6.1 Armour
 + Level 6.3 Dodging
 + Level 3.5 Stealth
 + Level 6.7 Shields
 + Level 0.1 Evocations


You had 9 spell levels left.
You didn't know any spells.
Your spell library contained the following spells:

 Spells                   Type           Power      Damage    Failure   Level
 Cigotuvi's Dreadful Rot  Necr/Pois/Air  0%         N/A       97%         2
 Dispel Undead            Necr           0%         3d6       100%        4
 Death Channel            Necr           0%         N/A       100%        6


Dungeon Overview and Level Annotations

Branches:
Dungeon (9/15)             Temple (1/1) D:5            Lair (1/5) D:8
    Orc: D:9-12

Altars:
Ashenzari
Cheibriados
Dithmenos
Fedhas
Gozag
Makhleb
Nemelex Xobeh
Okawaru
Qazlal
Ru
Sif Muna
Trog
Vehumet
Wu Jian
Xom
Yredelemnul

Shops:
D:1 ([   D:5 :


Innate Abilities, Weirdness & Mutations

You are partially covered in slimy green scales. (AC +2)
You may rarely emit foul miasma when damaged in melee.
You have a tail ending in a sharp stinger.


Message History

The komodo dragon is moderately wounded.
The yak looks more healthy.
You hit the komodo dragon but do no damage.
The komodo dragon is moderately wounded.
The komodo dragon bites you.
You barely miss the komodo dragon.
The komodo dragon is moderately wounded.
You block the komodo dragon's attack.
You hit the komodo dragon.
You tail-slap the komodo dragon, but do no damage.
The komodo dragon is moderately wounded.
The komodo dragon bites you.
* * * LOW HITPOINT WARNING * * *
You hit the komodo dragon.
The komodo dragon is moderately wounded.
The komodo dragon misses you.
You hit the komodo dragon.
The komodo dragon is moderately wounded.
You puncture the komodo dragon!
The komodo dragon is heavily wounded.
You block the komodo dragon's attack.
You hit the komodo dragon.
The komodo dragon is heavily wounded.
You block the komodo dragon's attack.
You hit the komodo dragon.
Your tail-slap misses the komodo dragon.
The komodo dragon is heavily wounded.
You block the komodo dragon's attack.
You hit the komodo dragon but do no damage.
You tail-slap the komodo dragon, but do no damage.
The komodo dragon is heavily wounded.
The komodo dragon bites you!
* * * LOW HITPOINT WARNING * * *
You hit the komodo dragon.
The komodo dragon is severely wounded.
You hit the komodo dragon.
You tail-slap the komodo dragon, but do no damage.
The komodo dragon is severely wounded.
The komodo dragon bites you!!
You die...

#....#.# ##.#....#
###..#†##.#
#...##.#..# #
#.###.....#.# #.#
##.#...## #.#
#YY.....# ###.#
##l#...... ..
##...###P@#..#.## #.
#.........P.#### #..
##..........# #..
###........#
###..#####.....#.#.#
........##.#......##
#........<...#.##
...#........###
#.......##..##


You could see a komodo dragon and 2 yaks.

Vanquished Creatures
  A two-headed ogre (D:8)
  A cane toad (D:8)
  A hornet (D:8)
  A wraith (D:8)
  4 wyverns
  6 yaks
  2 steam dragons (D:8)
  3 water moccasins
  A sky beast (D:9)
  6 ice beasts
  2 orc warriors (D:8)
  2 black bears
  2 ogres (D:7)
  4 centaurs (D:8)
  A phantom (D:4)
  8 bullfrogs
  A kobold brigand (D:8)
  A scorpion (D:7)
  A gnoll sergeant (D:8)
  4 wights
  5 killer bees (D:7)
  An electric eel (D:7)
  4 howler monkeys (D:8)
  8 orc priests
  3 hounds
  2 sleepcaps
  3 gnoll boudas
  A jelly (D:9)
  6 iguanas
  13 orc wizards
  22 gnolls
  8 adders
  A shadow imp (D:6)
  3 white imps
  2 ufetubi
  A worm (D:3)
  2 dart slugs
  44 orcs
  6 ball pythons
  4 bats
  7 endoplasms
  10 giant cockroaches (D:3)
  A hobgoblin (D:1)
  2 jackals (D:4)
  3 kobolds
  4 quokkas
  2 frilled lizards
  4 goblins
  5 rats
229 creatures vanquished.

Vanquished Creatures (others)
  A sky beast (D:8)
  2 spectral weapons
3 creatures vanquished.

Grand Total: 232 creatures vanquished

Notes
Turn   | Place    | Note
-------+----------+-------------------------------------------
     0 | D:1      | monsoonserge the Demonspawn Monk began the quest for the
                  | Orb.
     0 | D:1      | Reached XP level 1. HP: 18/18 MP: 1/1
    29 | D:1      | Found Hucig's Armour Shop.
   154 | D:1      | Found Jeafrouph's Weapon Boutique.
   166 | D:1      | Gained mutation: You have a small tail. [demonic ancestry]
   166 | D:1      | Reached XP level 2. HP: 24/24 MP: 2/2
   757 | D:2      | Gained mutation: You are partially covered in slimy green
                  | scales. (AC +2) [demonic ancestry]
   757 | D:2      | Reached XP level 3. HP: 29/29 MP: 3/3
  1208 | D:3      | Found a basalt altar of Yredelemnul.
  1216 | D:3      | Found a stormy altar of Qazlal.
  1335 | D:3      | Reached skill level 1 in Ranged Weapons
  1335 | D:3      | Reached XP level 4. HP: 33/36 MP: 4/4
  1549 | D:3      | Reached skill level 1 in Armour
  1582 | D:3      | Reached skill level 1 in Short Blades
  1584 | D:3      | Found a large runed translucent door.
  1584 | D:3      | Found a large runed translucent door.
  1622 | D:3      | Found a faded altar of an unknown god.
  1753 | D:3      | Found a blossoming altar of Fedhas.
  1764 | D:3      | Found a sacrificial altar of Ru.
  1909 | D:4      | Identified the +4 dagger of Jeol {spect, rElec}
  2018 | D:4      | Gained mutation: You have a tail ending in a sharp stinger.
                  | [demonic ancestry]
  2018 | D:4      | Reached XP level 5. HP: 33/42 MP: 5/5
  2339 | D:4      | Reached skill level 1 in Shields
  2349 | D:4      | Reached XP level 6. HP: 26/48 MP: 6/6
  2429 | D:4      | Found a bloodstained altar of Trog.
  2462 | D:4      | Found a snail-covered altar of Cheibriados.
  2510 | D:4      | Found an opulent altar of Gozag.
  2983 | D:5      | Entered Level 5 of the Dungeon
  3021 | D:5      | Noticed an ice beast
  3121 | D:4      | Killed an ice beast
  3236 | D:4      | Reached skill level 1 in Stealth
  3236 | D:4      | Reached XP level 7. HP: 51/55 MP: 7/7
  3429 | D:5      | Found a shimmering blue altar of Sif Muna.
  3450 | D:5      | Found a staircase to the Ecumenical Temple.
  3456 | Temple   | Entered the Ecumenical Temple
  3861 | D:5      | Found Mayniwno's Book Shoppe.
  3954 | D:5      | Gained mutation: You may rarely emit foul miasma when
                  | damaged in melee. [demonic ancestry]
  3954 | D:5      | Reached XP level 8. HP: 61/61 MP: 8/8
  4514 | D:6      | Reached skill level 5 in Fighting
  4999 | D:7      | Reached skill level 5 in Short Blades
  5010 | D:7      | Reached XP level 9. HP: 40/68 MP: 9/9
  5312 | D:6      | HP: 3/68 [gnoll/+0 spear[a gnoll bouda] (2)]
  5321 | D:6      | HP: 3/68 [poisoned by a gnoll]
  5626 | D:1      | Bought a +2 kite shield of poison resistance for 240 gold
                  | pieces
  5888 | D:7      | Reached skill level 5 in Dodging
  5898 | D:7      | Reached skill level 5 in Armour
  6448 | D:8      | Found a shimmering altar of Xom.
  6622 | D:8      | Reached XP level 10. HP: 42/76 MP: 10/10
  6743 | D:8      | Noticed a two-headed ogre
  6757 | D:8      | Killed a two-headed ogre
  6833 | D:8      | Reached skill level 5 in Shields
  7633 | D:8      | Found an ornate altar of the Wu Jian Council.
  7717 | D:8      | Found a staircase to the Lair.
  8283 | D:9      | Noticed a rust devil
  8504 | Lair:1   | Entered Level 1 of the Lair of Beasts
  8504 | Lair:1   | Noticed a cane toad
  8514 | D:8      | Killed a cane toad
  8658 | Lair:1   | Mangled by a komodo dragon

Illustrated notes

Levels and vault maps discovered:
D:1:      elethiomel_arrival_shortcut, layout_rooms, serial_shops,
          nicolae_shop_bloodbath_and_beyond, shop
D:2:      layout_loops_ring, dk_noncrumbling_3
D:3:      minmay_roachtagon, layout_basic, jmf_multi_god_temple2,
          chequers_temple_overflow_statue_of_worship,
          shapermc_ecumenical_altar_acropolis
D:4:      layout_basic, mainiacjoe_overflow_24_doors, kennysheep_mini_moat,
          cheibriados_altar_1
D:5:      layout_basic, lemuel_blue_sif_altar, minmay_temple_entry_hall,
          serial_shops, nicolae_shop_rolling_square, st_stairs_4
D:6:      layout_cave_pools, lemuel_doored_altar
D:7:      layout_basic, mainiacjoe_overflow_alcove_4,
          minmay_misc_feat_four_crosses, minmay_misc_feat_cross,
          kennysheep_crisscross, chequers_serial_rivers_small_3,
          nicolae_benzene_ring, hangedman_decor_riveting
D:8:      minmay_quarter_circles, layout_rooms, mainiacjoe_overflow_boulevard,
          nicolae_wu_jian_immortal_techniques, due_unseen_surprise
D:9:      layout_irregular_city, nicolae_uskayaw_dance_studio,
          mainiacjoe_overflow_brackets, nicolae_kikubaaqudgha_miasma_corner,
          serial_shops, shop
Temple:   nicolae_temple_superstar
Lair:1:   layout_misc_corridors

Skill      XL: |  1  2  3  4  5  6  7  8  9 10 |
---------------+-------------------------------+-----
Long Blades    | 3 |  3.0
Dodging        | 3 4 5 6 |  6.3
Ranged Weapons | 1 2 4 |  4.3
Armour         | 1 2 3 4 5 6 |  6.1
Short Blades   | 1 2 3 5 6 7 |  7.1
Fighting       | 4 5 7 |  7.0
Shields        | 1 2 3 4 6 |  6.7
Stealth        | 1 2 3 |  3.5
Throwing       | |  0.9
Evocations     | |  0.1

Action                     |  1- 3 |  4- 6 |  7- 9 | 10-12 || total
---------------------------+-------+-------+-------+-------++-------
  Melee: Falchion          |    15 |       |       |       ||    15
         Dagger            |    55 |   177 |   353 |   369 ||   954
         Tailslap          |     4 |    27 |    67 |    80 ||   178
   Fire: Sling             |    18 |    32 |    22 |     4 ||    76
  Throw: Dart              |       |       |     2 |       ||     2
  Evoke: Wand              |       |       |     1 |       ||     1
    Use: Potion            |       |     1 |     1 |       ||     2
         Scroll            |       |       |       |     1 ||     1
   Stab: Distracted        |       |     1 |     5 |     3 ||     9
 Armour: Ring mail         |    30 |    65 |   115 |    78 ||   288
  Dodge: Dodged            |    35 |    86 |   143 |   126 ||   390
  Block: Buckler           |     7 |    41 |    57 |       ||   105
         Kite shield       |       |       |    87 |   223 ||   310
